 Dungeon Crawl Stone Soup version 0.24.0-1-gfbc8707 (webtiles) character file.

Game seed: 11277111270987414004, levelgen mode: deterministic

30 Fylament the Skirmisher (level 3, 0/29 HPs)
             Began as a Demonspawn Berserker on Jan 2, 2020.
             Was a Follower of Trog.
             Slain by an adder (2 damage)
             ... on level 2 of the Dungeon.
             The game lasted 00:06:43 (1291 turns).

Fylament the Skirmisher (Demonspawn Berserker)      Turns: 1291, Time: 00:06:43

Health: 0/29       AC:  3    Str: 15 (18) XL:     3   Next: 5%
Magic:  3/3        EV: 12    Int:  7 (8)  God:    Trog [*.....]
Gold:   43         SH:  4    Dex: 11 (12) Spells: 2/2 levels left

rFire    . . .     SeeInvis .   a - +0 hand axe
rCold    . . .     Gourm    .   (no shield)
rNeg     . . .     Faith    +   b - +0 animal skin
rPois    .         Spirit   .   (no helmet)
rElec    .         Reflect  .   (no cloak)
rCorr    .         Harm     .   (no gloves)
MR       .....                  k - +0 pair of boots
Stlth    +.........             f - amulet of faith
HPRegen  0.09/turn              g - ring of flight
MPRegen  0.08/turn              (no ring)

@: lethally poisoned (0 -> -16)
A: claws 1, large bone plates 1
a: Berserk, Renounce Religion, Evoke Flight


You were on level 2 of the Dungeon.
You worshipped Trog.
Trog was aware of your devotion.
You were not hungry.

You visited 1 branch of the dungeon, and saw 2 of its levels.

You collected 43 gold pieces.

Inventory:

Hand Weapons
 a - a +0 hand axe (weapon)
 d - a +0 club
 e - a +0 club
 h - a +0 short sword
Missiles
 i - 5 javelins (quivered)
Armour
 b - a +0 animal skin (worn)
 k - a +0 pair of boots (worn)
Jewellery
 f - an amulet of faith (around neck)
 g - a ring of flight (left claw)
 j - a cursed amulet of inaccuracy {unknown}
Scrolls
 l - a scroll of enchant armour {unknown}
Comestibles
 c - 4 rations


   Skills:
 + Level 3.4 Fighting
 + Level 3.4 Axes
 + Level 1.8 Armour
 + Level 1.9 Dodging


You had 2 spell levels left.
You didn't know any spells.
Your spell library was empty.

Dungeon Overview and Level Annotations

Branches:
Dungeon (2/15)

Altars:


Innate Abilities, Weirdness & Mutations

You have sharp fingernails.
You are partially covered in large bone plates. (SH +4)


Message History

The adder poisons you!
You hit the adder but do no damage.
The adder is heavily wounded.
You feel sick. The adder bites you.
You are lethally poisoned!
The adder poisons you! The adder barely misses you.
The frilled lizard misses you.
You are too injured to fight recklessly!
You are too injured to fight recklessly!
You are too injured to fight recklessly!
You are too injured to fight recklessly!
You feel sick. The adder bites you.
* * * LOW HITPOINT WARNING * * *
You are more poisoned.
The adder poisons you!
You barely miss the frilled lizard. You closely miss the adder.
* * * LOW HITPOINT WARNING * * *
You feel sick. The adder closely misses you.
The frilled lizard barely misses you. The adder bites you.
You die...

#. ..< ..... .#..
...# ####...
#.....# #.#K#.#
##.#lS.# #..(@.##
#.#..## ####.#..#
####.......#
#....#.##.##
##.###..##.#
#####..###.###.#
##.....###<.# ..#
......####.###.#..


You could see an adder, a kobold and a frilled lizard.

Vanquished Creatures
  3 dart slugs (D:1)
  3 leopard geckos
  3 bats
  2 goblins (D:1)
  2 hobgoblins (D:1)
  A frilled lizard (D:1)
  4 kobolds (D:1)
  2 rats (D:2)
20 creatures vanquished.

Notes
Turn   | Place    | Note
-------+----------+-------------------------------------------
     0 | D:1      | Fylament the Demonspawn Berserker began the quest for the
                  | Orb.
     0 | D:1      | Reached XP level 1. HP: 18/18 MP: 1/1
   247 | D:1      | Gained mutation: You have sharp fingernails. [demonic
                  | ancestry]
   247 | D:1      | Reached XP level 2. HP: 17/24 MP: 2/2
  1259 | D:2      | Gained mutation: You are partially covered in large bone
                  | plates. (SH +4) [demonic ancestry]
  1259 | D:2      | Reached XP level 3. HP: 23/29 MP: 3/3
  1291 | D:2      | Slain by an adder

Levels and vault maps discovered:
D:1:      sevenhm_arrival_forest_fort_large_2, layout_basic,
          minmay_misc_feat_tower
D:2:      layout_rooms, gammafunk_temple_overflow_arena,
          kennysheep_generic_room_8

Skill      XL: |  1  2 |
---------------+-------+-----
Axes           | 3 |  3.4
Fighting       | |  3.4
Armour         | |  1.8
Dodging        | |  1.9

Action                   || total
-------------------------++-------
Melee: Hand axe          ||    69
  Use: Scroll            ||     4
       Potion            ||     2
  Eat: Ration            ||     1
Armor: Animal skin       ||    13
Dodge: Dodged            ||    47
Block: Other             ||     2
